 Dungeon Crawl Stone Soup version 0.30.0-29-ga12c61a403 (webtiles) character file.

Game seed: 5912876312211473082

11891 Drablr the Conjurer (level 11, -2/96 HPs)
             Began as a Pale Draconian Conjurer on June 8, 2023.
             Was an Initiate of Gozag.
             Killed from afar by a gargoyle (20 damage)
             ... with a stone arrow
             ... in a volcano.
             The game lasted 01:06:43 (13062 turns).

Drablr the Conjurer (Pale Draconian Conjurer)      Turns: 13062, Time: 01:06:44

Health: -2/96      AC:  9    Str: 13    XL:     11   Next: 55%
Magic:  15/27      EV: 15    Int: 26    God:    Gozag
Gold:   2238       SH:  0    Dex: 15    Spells: 4/20 levels left

rFire   + . .        F - +6 mace "Giantslayer" {venom, MP+9 SInv}
rCold   . . .        (no shield)
rNeg    . . .        (body armour unavailable)
rPois   .            J - +2 hat
rElec   .            (no cloak)
rCorr   .            (no gloves)
SInv    +            (no boots)
Will    .....        D - amulet of regeneration
Stlth   +++          o - +6 ring of dexterity
HPRegen 1.16/turn    N - ring "Fagu" {Int+6 SInv}
MPRegen 0.20/turn

%: no passive effects
@: gold aura
A: breathe steam, AC +7, unfitting armour, cold-blooded, steam resistance, fire
resistance 1, robust 1, subdued magic 2
a: Breathe Steam, Renounce Religion, Potion Petition, Call Merchant, Bribe
Branch


You were in a volcano.
You worshipped Gozag.
Gozag was most pleased with you.
You visited 2 branches of the dungeon, and saw 11 of its levels.
You also visited: Sewer, Bailey and Volcano.

You collected 3107 gold pieces.
You spent 208 gold pieces at shops.
You paid 661 gold pieces to Gozag.

Inventory:

Hand Weapons
 a - a +0 dagger
 g - a +2 dagger of venom
 x - a +0 flail
 F - the +6 mace "Giantslayer" (weapon) {venom, MP+9 SInv}
   (You bought it in a shop on level 5 of the Dungeon)

   MP:        It affects your magic capacity (+9).
   SInv:      It lets you see invisible.
Missiles
 b - 5 silver boomerangs
 i - 54 poisoned darts
 t - 3 curare-tipped darts
 w - 11 boomerangs
 R - a throwing net
 S - 5 datura-tipped darts (quivered)
Armour
 J - a +2 hat (worn)
Jewellery
 o - a +6 ring of dexterity (left hand)
 u - a ring of protection from cold
 D - an amulet of regeneration (around neck)
 E - a +6 ring of dexterity
 M - a +6 ring of dexterity
 N - the ring "Fagu" (right hand) {Int+6 SInv}
   (You found it in a bailey)

   [ring of see invisible]

   Int:       It affects your intelligence (+6).
   SInv:      It lets you see invisible.
 O - an amulet of the acrobat
 Q - a ring of flight
 V - a ring of protection from cold
Wands
 d - a wand of quicksilver (3)
 y - a wand of flame (31)
 T - a wand of mindburst (9)
Scrolls
 c - 3 scrolls of noise
 n - a scroll of silence
 r - 2 scrolls of fog
 v - 2 scrolls of vulnerability
 A - 7 scrolls of teleportation
 B - 2 scrolls of enchant weapon
 G - 2 scrolls of poison
 P - 2 scrolls of immolation
 U - 2 scrolls of blinking
 X - a scroll of fear
 Y - a scroll of identify
Potions
 e - 2 potions of flight {unknown}
 f - a potion of cancellation {unknown}
 h - 4 potions of degeneration
 j - 2 potions of lignification {unknown}
 k - 7 potions of curing
 l - 2 potions of might {unknown}
 p - a potion of magic
 q - 2 potions of heal wounds
 s - 2 potions of mutation
 z - 3 potions of brilliance
 C - 2 potions of haste
 H - 4 potions of invisibility
 I - 2 potions of berserk rage
 K - a potion of ambrosia {unknown}
 L - 3 potions of resistance {unknown}
Miscellaneous
 W - a phial of floods


   Skills:
 * Level 5.5 Fighting
 * Level 4.6 Short Blades
 * Level 5.3 Maces & Flails
 * Level 4.3 Throwing
 * Level 6.2 Dodging
 * Level 6.7 Stealth
 + Level 0.2 Unarmed Combat
 * Level 5.2 Spellcasting
 * Level 7.3 Conjurations
 * Level 3.6 Hexes
 * Level 3.9 Necromancy
 * Level 4.1 Translocations
 * Level 2.6 Poison Magic
 * Level 5.3 Evocations


You had 4 spell levels left.
You knew the following spells:

 Your Spells              Type           Power      Damage    Failure   Level
b - Searing Ray           Conj           56%        2d6       1%          2
c - Dazzling Flash        Conj/Hex       44%        N/A       1%          3
d - Momentum Strike       Conj/Tloc      46%        3d9       1%          2
e - Blink                 Tloc           34%        N/A       1%          2
f - Vampiric Draining     Necr           17%        2d7       2%          3
g - Olgreb's Toxic Radia  Pois           12%        N/A       19%         4

Your spell library contained the following spells:

 Spells                   Type           Power      Damage    Failure   Level
 Apportation              Tloc           34%        N/A       1%          1
 Magic Dart               Conj           100%       1d8       1%          1
 Necrotise                Necr           68%        1d7       1%          1
 Lesser Beckoning         Tloc           34%        N/A       1%          2
 Sting                    Tmut/Pois      32%        1d4       2%          1
 Ensorcelled Hibernation  Hex/Ice        20%        N/A       3%          2
 Poisonous Vapours        Pois/Air       16%        N/A       4%          2
 Fulminant Prism          Conj/Hex       11%        3d9       4%          4
 Iskenderun's Mystic Bla  Conj/Tloc      23%        2d6       4%          4
 Passwall                 Tmut/Erth      3%         N/A       8%          2
 Anguish                  Hex/Necr       8%         N/A       11%         4
 Cause Fear               Hex            8%         N/A       12%         4
 Swiftness                Air            4%         N/A       16%         3
 Iskenderun's Battlesphe  Conj           28%        2d8       6%          5
 Agony                    Necr           17%        N/A       30%         5
 Alistair's Intoxication  Tmut/Pois      5%         N/A       69%         5
 Iron Shot                Conj/Erth      8%         9d3       91%         6
 Enfeeble                 Hex            8%         N/A       100%        7
 Spellforged Servitor     Conj/Summ      8%         N/A       100%        7


Dungeon Overview and Level Annotations

Branches:
Dungeon (10/15)            Temple (0/1) D:4            Lair (1/5) D:10
    Orc (0/2) D:10          Sewer (visited)          Bailey (visited)
Volcano (1/1)

Altars:
Ashenzari
Dithmenos
Gozag
Hepliaklqana
Kikubaaqudgha
Nemelex Xobeh
Ru
Trog
Wu Jian
Zin

Shops:
D:5 (

Annotations:
D:8 exclusion: orange crystal statue


Innate Abilities, Weirdness & Mutations

You can breathe blasts of scalding, opaque steam.
Your pale cyan-grey scales are hard. (AC +7)
You cannot fit into any form of body armour.
You are cold-blooded and may be slowed by cold attacks.
You are immune to the effects of steam.
Your flesh is heat resistant. (rF+)
You are robust. (+10% HP)
Your spells are easier to cast, but less powerful.


Message History

The searing ray hits the gargoyle but does no damage.
The gargoyle is moderately damaged.
The efreet hits you with a +3 scimitar of flaming!
The efreet burns you.
The searing ray hits the efreet.
You kill the efreet!
The searing ray hits the fire elemental.
The fire elemental is almost destroyed.
The searing ray hits the gargoyle!
The gargoyle is severely damaged.
You finish channelling your searing ray.
The gargoyle is distracted by your dazzling golden aura.
The fire elemental hits you. The fire elemental burns you! You resist.
Casting: Searing Ray (safe; 1% risk of failure)
Confirm with . or Enter, or press ? or * to list all spells.
Aiming: Searing Ray (safe; 1% risk of failure)
Press: ? - help, Shift-Dir - straight line, f - fire elemental
Aim: a fire elemental (almost destroyed, 74% to hit)
The searing ray misses the fire elemental.
The searing ray hits the gargoyle but does no damage.
The gargoyle is severely damaged.
The gargoyle is no longer distracted by gold. (Press . to maintain the ray.)
The fire elemental barely misses you.
The searing ray hits the fire elemental.
The fire elemental is almost destroyed.
The searing ray hits the gargoyle but does no damage.
The gargoyle is severely damaged.
The fire elemental hits you. The fire elemental burns you! You resist.
The searing ray hits the fire elemental!
You destroy the fire elemental!
The searing ray hits the gargoyle.
The gargoyle is severely damaged.
The gargoyle hurls a stone arrow at you.
The stone arrow hits you!!
* * * LOW HITPOINT WARNING * * *
The gargoyle hurls a stone arrow at you.
The stone arrow hits you!!
You die...
Your body crumbles into a pile of gold.

≈≈§§≈≈≈§≈§≈≈≈≈≈§§§§§§≈≈§≈≈≈≈≈≈≈≈≈
§≈§§≈≈§≈≈≈≈≈≈≈≈§§§≈§≈≈≈§≈≈≈≈≈≈≈≈≈
≈≈≈≈≈≈§§........§§.......≈≈§≈≈≈≈§
§≈§≈≈§≈§########'########...≈§≈≈≈
≈§§≈≈≈≈.# #.# #.≈≈§≈≈≈≈ ≈≈§≈≈≈≈.#
#.# $ #.≈§§.≈≈≈ ≈≈≈≈≈§§.# $ $ #.#
$$ #.≈§§≈.≈§ ≈≈≈≈≈≈§.# $ #.# $ $
#.§≈§≈..≈
≈≈≈≈≈≈≈.######.#@#.######.≈≈≈≈≈≈.
§≈≈≈≈≈≈.#......#$#......#.≈≈≈≈≈§≈
≈≈§§≈§≈.###++###○###++###.≈≈≈≈≈≈§
§§§≈≈§§.# #..99.# #.≈≈≈≈≈≈§
≈§§≈§≈§.# #.8_89# #§§≈≈≈≈≈≈
§≈≈§§≈≈.# +.....+ #.§≈≈§≈≈≈
§§≈§§§≈.#################§§§§≈≈≈§
§§≈§§§≈.§§............§.§§§§§§≈≈≈
≈§§≈≈§≈≈§§≈≈≈≈≈≈≈≈≈≈§≈≈§≈≈≈≈≈§≈≈≈


You could see 2 gargoyles.

Vanquished Creatures
  Pikel (D:6)
  Maggie (D:6)
  A gargoyle (Bailey)
  A komodo dragon (Lair:1)
  An efreet (Volcano)
  A hornet (D:9)
  Sigmund (D:5)
  2 shadows (D:10)
  2 wyverns
  9 yaks
  2 wraiths
  2 steam dragons (D:8)
  A fire bat (Volcano)
  A fire elemental (Volcano)
  A warg (D:10)
  Duvessa (D:6)
  2 acid dragons (D:9)
  2 water moccasins (D:7)
  8 orc warriors
  A sky beast (D:6)
  An ice beast (D:7)
  7 black bears
  An ogre (D:5)
  4 centaurs
  2 lemures (D:6)
  2 phantoms
  7 kobold brigands
  6 bullfrogs
  4 gnoll sergeants
  3 scorpions
  21 wights
  Dowan (D:6)
  8 vampire bats (Bailey)
  3 howler monkeys (D:9)
  7 wolf zombies (Bailey)
  4 hounds
  11 lava snakes
  6 orc priests
  A jelly (D:8)
  A gnoll bouda (D:8)
  2 iguanas
  2 sleepcaps
  5 orc wizards
  Robin (D:3)
  28 gnolls
  8 adders
  4 river rats (Sewer)
  2 shadow imps
  2 white imps
  An ufetubus (D:6)
  5 worms
  4 dart slugs
  35 orcs
  9 ball pythons
  3 bats
  13 endoplasms
  5 giant cockroaches
  19 goblins
  13 hobgoblins
  7 jackals
  36 kobolds
  8 quokkas
  5 frilled lizards
  16 orc zombies (Bailey)
  6 rats
380 creatures vanquished.

Notes
Turn   | Place    | Note
-------+----------+-------------------------------------------
     0 | D:1      | Drablr the Draconian Conjurer began the quest for the Orb.
     0 | D:1      | Reached XP level 1. HP: 14/14 MP: 3/3
   256 | D:1      | Reached XP level 2. HP: 22/22 MP: 1/5
   259 | D:1      | Learned a level 2 spell: Searing Ray
   724 | D:2      | Reached XP level 3. HP: 19/27 MP: 3/6
   805 | D:2      | Learned a level 3 spell: Dazzling Flash
  1045 | D:3      | Reached XP level 4. HP: 26/34 MP: 1/7
  1121 | D:4      | Reached skill level 5 in Conjurations
  1132 | D:4      | Reached XP level 5. HP: 28/39 MP: 3/8
  1133 | D:4      | Reached skill level 1 in Fighting
  1133 | D:4      | Reached skill level 1 in Throwing
  1133 | D:4      | Reached skill level 1 in Evocations
  1133 | D:4      | Noticed a phantom
  1150 | D:4      | Found a glowing drain.
  1159 | Sewer    | Entered a sewer
  1433 | Sewer    | Reached XP level 6. HP: 35/47 MP: 5/10
  1574 | Sewer    | Reached skill level 1 in Short Blades
  2105 | D:4      | Found a staircase to the Ecumenical Temple.
  2119 | D:4      | Found an opulent altar of Gozag.
  2132 | D:4      | Became a worshipper of Gozag Ym Sagoz the Greedy
  2508 | D:4      | Learned a level 2 spell: Momentum Strike
  2512 | D:4      | Learned a level 2 spell: Blink
  2564 | D:4      | Your scales start taking on a pale cyan-grey colour.
  2564 | D:4      | Reached XP level 7. HP: 34/53 MP: 6/12
  2564 | D:4      | Gained mutation: You are immune to the effects of steam.
                  | [Pale Draconian growth]
  3276 | D:3      | Noticed Robin
  3279 | D:3      | Killed Robin
  4284 | D:1      | Learned a level 3 spell: Vampiric Draining
  5056 | D:5      | Entered Level 5 of the Dungeon
  5169 | D:5      | Noticed Sigmund
  5173 | D:5      | Killed Sigmund
  5174 | D:5      | Reached skill level 1 in Translocations
  5199 | D:5      | Found Saloseil's Antique Weapon Shop.
  5209 | D:5      | Bought a steaming mace for 208 gold pieces
  5209 | D:5      | Identified the +6 mace "Giantslayer" {venom, MP+9 SInv}
                  | (You bought it in a shop on level 5 of the Dungeon)
  5290 | D:5      | Reached skill level 1 in Hexes
  5290 | D:5      | Reached XP level 8. HP: 59/62 MP: 13/13
  5425 | D:5      | Reached skill level 1 in Necromancy
  5507 | D:5      | Reached skill level 6 in Conjurations
  5674 | D:5      | Reached skill level 1 in Maces & Flails
  5996 | D:6      | Reached skill level 5 in Stealth
  6141 | D:6      | Noticed Duvessa
  6143 | D:6      | Noticed Dowan
  6156 | D:6      | Gained mutation: Your spells are a little easier to cast,
                  | but a little less powerful. [potion of mutation]
  6156 | D:6      | Gained mutation: Your flesh is heat resistant. (rF+)
                  | [potion of mutation]
  6156 | D:6      | Gained mutation: Your spells are easier to cast, but less
                  | powerful. [potion of mutation]
  6156 | D:6      | Gained mutation: You are robust. (+10% HP) [potion of
                  | mutation]
  6157 | D:6      | Killed Duvessa
  6158 | D:6      | Reached XP level 9. HP: 30/77 MP: 15/15
  6159 | D:6      | Killed Dowan
  6464 | D:6      | Noticed Maggie
  6485 | D:6      | Killed Maggie
  6804 | D:6      | Found a hazy altar of Hepliaklqana.
  7077 | D:6      | Noticed Pikel
  7088 | D:6      | Killed Pikel
  7294 | D:7      | Reached XP level 10. HP: 16/85 MP: 13/16
  7345 | D:7      | Found a flagged portal.
  7427 | Bailey   | Entered a bailey
  7526 | Bailey   | Reached skill level 5 in Dodging
  7744 | Bailey   | Identified the +5 plate armour of Lethargy {rElec rF+++ rN+
                  | Str-3}
  7781 | Bailey   | Noticed a gargoyle
  7800 | Bailey   | Killed a gargoyle
  7906 | Bailey   | Identified the ring "Fagu" {Int+6 SInv}
  7925 | Bailey   | Learned a level 4 spell: Olgreb's Toxic Radiance
  8003 | Bailey   | Identified a scroll of acquirement
  8003 | Bailey   | Acquired 514 gold pieces
  8552 | D:7      | Found an ornate altar of the Wu Jian Council.
  8554 | D:7      | Found a bloodstained altar of Trog.
  8561 | D:7      | Found an ancient bone altar of Kikubaaqudgha.
  8705 | D:7      | Found a broken altar of Ashenzari.
  8775 | D:7      | Found a sacrificial altar of Ru.
  9541 | D:8      | Reached skill level 1 in Poison Magic
  9541 | D:8      | Noticed an orange crystal statue
  9746 | D:8      | Reached skill level 5 in Fighting
  9746 | D:8      | Reached skill level 7 in Conjurations
 10123 | D:8      | Reached XP level 11. HP: 79/94 MP: 18/18
 10699 | D:9      | Found a shadowy altar of Dithmenos.
 10847 | D:9      | Reached skill level 5 in Evocations
 11247 | D:9      | Found a sparkling altar of Nemelex Xobeh.
 11372 | D:9      | Reached skill level 5 in Maces & Flails
 11707 | D:10     | Entered Level 10 of the Dungeon
 11819 | D:10     | Reached skill level 5 in Spellcasting
 12013 | D:10     | Found a staircase to the Lair.
 12201 | D:10     | Found a staircase to the Orcish Mines.
 12431 | D:10     | Found a glowing silver altar of Zin.
 12546 | Lair:1   | Entered Level 1 of the Lair of Beasts
 12609 | Lair:1   | Found a dark tunnel.
 12618 | Volcano  | Entered a volcano
 13047 | Volcano  | Found a radiant altar of Vehumet.
 13062 | Volcano  | Killed from afar by a gargoyle

Illustrated notes

Levels and vault maps discovered:
D:1:      dpeg_arrival_radiant, layout_basic, moated_statue
D:2:      minmay_thinvault, layout_rooms, serial_bayou, serial_bayou_shore_b,
          serial_bayou_ford_a, serial_bayou_pond_e, serial_bayou_crossing,
          serial_bayou_pond_b
D:3:      layout_basic, uniq_robin
D:4:      layout_cave_pools, mainiacjoe_overflow_surrounded_room,
          minmay_temple_entry_glass, portal_sewer_entry_d
D:5:      layout_rooms, serial_shops, shop, small_statue_intersection,
          hangedman_decor_riveting, chequers_serial_rivers_large_b, uniq_sigmund
D:6:      layout_gridville, marbit_many_paths, uniq_maggie, uniq_pikel,
          uniq_duvessa
D:7:      layout_cave_pods, general_overflow_altar,
          nicolae_ru_sacrificial_ziggurat,
          chequers_temple_overflow_statue_of_worship, enter_bailey_5
D:8:      layout_loops_corners, disabler_island
D:9:      layout_roguey, mainiacjoe_overflow_six_doors_small,
          nicolae_dithmenos_shadow_blocks
D:10:     layout_rooms, mainiacjoe_overflow_alcove_4,
          grunt_lair_entry_orc_guard_hut, david_orc_1_choice,
          chequers_serial_rivers_marsh
Lair:1:   layout_hall_layers, enter_volcano_1
Volcano:  volcano_lake [vl_original]

Skill      XL: |  1  2  3  4  5  6  7  8  9 10 11 |
---------------+----------------------------------+-----
Dodging        | 2 3 4 5 6 |  6.2
Stealth        | 2 3 4 5 6 |  6.7
Conjurations   | 5 6 7 |  7.3
Fighting       | 1 2 3 4 5 |  5.5
Throwing       | 1 2 3 4 |  4.3
Evocations     | 1 2 3 4 5 |  5.3
Short Blades   | 1 2 3 4 |  4.6
Spellcasting   | 3 4 5 |  5.2
Translocations | 1 2 3 4 |  4.1
Hexes          | 1 2 3 |  3.6
Necromancy     | 1 2 3 |  3.9
Maces & Flails | 1 3 4 5 |  5.3
Poison Magic   | 1 2 |  2.6
Unarmed Combat | |  0.2

Action                     |  1- 3 |  4- 6 |  7- 9 | 10-12 || total
---------------------------+-------+-------+-------+-------++-------
  Melee: Unarmed           |    20 |       |       |       ||    20
         Tailslap          |     4 |       |    11 |    27 ||    42
         Dagger            |    18 |    21 |    30 |       ||    69
         Mace              |       |       |    42 |   154 ||   196
         Punch             |       |       |     2 |     1 ||     3
   Cast: Magic Dart        |    16 |     2 |     2 |       ||    20
         Searing Ray       |    14 |    27 |    37 |    52 ||   130
         Blink             |       |       |     1 |       ||     1
         Vampiric Draining |       |       |     1 |       ||     1
         Momentum Strike   |       |       |     1 |       ||     1
         Olgreb's Toxic Ra |       |       |       |     8 ||     8
 Invoke: Potion Petition   |       |       |     2 |       ||     2
Ability: Breathe Steam     |       |       |    56 |    69 ||   125
  Evoke: Wand              |     1 |     5 |     6 |    11 ||    23
    Use: Potion            |     1 |       |     1 |     1 ||     3
         Scroll            |       |     3 |     2 |    18 ||    23
   Stab: Sleeping          |     2 |     1 |    11 |     9 ||    23
         Distracted        |       |       |     1 |       ||     1
 Armour: Skin              |    31 |    24 |    54 |    98 ||   207
  Dodge: Dodged            |    54 |    65 |   136 |   284 ||   539
